 Dungeon Crawl Stone Soup version 0.31-a0-574-g69dc8cc98e (webtiles) character file.

Game seed: 12424850733091748703

199777 freelancePsychic the Brawler (level 17, -2/168 (175) HPs)
             Began as a Demonspawn Shapeshifter on Aug 17, 2023.
             Was the Champion of Ru.
             Slain by a ghost moth (13 damage)
             ... on level 4 of the Spider Nest on Aug 18, 2023.
             The game lasted 00:51:44 (26208 turns).

freelancePsychic the Brawler (DsSh)                Turns: 26208, Time: 00:51:44

HP:   -2/168 (175)  AC: 16    Str: 25      XL:     17   Next: 85%
MP:   0/28          EV: 18    Int:  9 (10) God:    Ru [******]
Gold: 2920          SH:  0    Dex: 17      Spells: 31/31 levels left

rFire   . .          .
                       - Unarmed
rCold   . . .        (shield currently unavailable)
rNeg    . . .        x - melded +2 ring mail {Will+}
rPois   +            a - melded +1 helmet
rElec   .            S - melded +2 cloak of Clean Tender Moments {rPois Int+3 Dex+6}
rCorr   .            R - melded +2 pair of gloves "Tueforr" {Drain rElec rN+++ Dex-3}
SInv    .            T - melded +2 pair of boots of Wasted Space {Str+5 Int+3 Dex+3}
Will    +....        i - amulet of regeneration
Stlth   +            q - +4 ring of protection
HPRegen 3.28/turn    t - ring of poison resistance
MPRegen 0.42/turn

%: guardian spirit
@: snake-form, silenced, studying Unarmed Combat, lightly drained, unable to
drink
A: constrict, boosted hp, large, repulsion field 2, powered by death 2, magic
shield, magic regeneration, inability to drink after injury 2, inability to use
devices, inability to train armour, weak-willed 1, demonic willpower, (weakness
stinger 2)
}: 1/15 runes: decaying
a: Begin Untransformation, Renounce Religion


You were on level 4 of the Spider Nest.
You worshipped Ru.
Ru was exalted by your worship.
You were an enormous anaconda.
You visited 5 branches of the dungeon, and saw 30 of its levels.
You also visited: Bailey, Gauntlet and Ice Cave.

You collected 5003 gold pieces.
You spent 2083 gold pieces at shops.

Inventory:

Missiles
 e - a throwing net
Armour
 a - a +1 helmet (melded)
 x - a +2 ring mail of willpower (melded)
 N - a +0 tower shield of cold resistance
 R - the +2 pair of gloves "Tueforr" (melded) {Drain rElec rN+++ Dex-3}
   (You acquired it on level 3 of the Spider Nest)

   Dex-3:     It affects your dexterity (-3).
   rElec:     It insulates you from electricity.
   rN+++:     It renders you almost immune to negative energy.
   Drain:     It drains your maximum health when unequipped.
 S - the +2 cloak of Clean Tender Moments (melded) {rPois Int+3 Dex+6}
   (You found it on level 3 of the Lair of Beasts)

   Int+3:     It affects your intelligence (+3).
   Dex+6:     It affects your dexterity (+6).
   rPois:     It protects you from poison
 T - the +2 pair of boots of Wasted Space (melded) {Str+5 Int+3 Dex+3}
   (You found it on level 2 of the Spider Nest)

   Str+5:     It affects your strength (+5).
   Int+3:     It affects your intelligence (+3).
   Dex+3:     It affects your dexterity (+3).
Jewellery
 i - an amulet of regeneration (around neck)
 q - a +4 ring of protection (left hand)
 t - a ring of poison resistance (right hand)
 F - a ring of willpower
 L - a ring of resist corrosion
 M - a ring of protection from cold
 O - a ring of protection from fire
 P - the amulet "Jisoveiw" {Faith Str+3 Dex+3}
   (You found it in a Gauntlet)

   [amulet of faith]

   Faith:     It allows you to gain divine favour quickly.
   Str+3:     It affects your strength (+3).
   Dex+3:     It affects your dexterity (+3).
 Q - a +5 ring of evasion
 W - a ring of ice
 Z - a ring of positive energy
Talismans
 w - a storm talisman
 I - a serpent talisman (active)
Scrolls
 d - a scroll of butterflies
 l - 10 scrolls of teleportation {@r4}
 m - 2 scrolls of immolation
 o - 8 scrolls of enchant weapon
 p - 2 scrolls of fog
 r - 10 scrolls of amnesia
 s - 5 scrolls of fear
 u - 5 scrolls of vulnerability
 y - 6 scrolls of blinking
 B - a scroll of silence
 G - 3 scrolls of noise
 H - 3 scrolls of enchant armour
 J - 4 scrolls of poison
 K - a scroll of brand weapon
 Y - a scroll of identify {@r1}
Potions
 b - 6 potions of lignification
 c - a potion of ambrosia
 f - a potion of invisibility
 g - 5 potions of heal wounds {@q2}
 h - 11 potions of curing {@q1}
 j - 3 potions of brilliance
 k - 6 potions of enlightenment
 n - 6 potions of might
 v - 4 potions of mutation {unknown}
 z - 10 potions of degeneration {unknown}
 A - 2 potions of resistance {unknown}
 C - 10 potions of haste {@q3}
 E - 5 potions of attraction
 U - 2 potions of magic
 V - a potion of berserk rage {unknown}
 X - a potion of cancellation


   Skills:
 + Level 16.6 Fighting
 + Level 10.4 Dodging
 + Level 17.1 Unarmed Combat
 - Level 7.5 Spellcasting
 * Level 14.7 Shapeshifting


You had 31 spell levels left.
You didn't know any spells.
Your spell library contained the following spells:

 Spells                   Type           Power      Damage    Failure   Level
 Apportation              Tloc           6%         N/A       19%         1
 Foxfire                  Conj/Fire      12%        2x1d4     19%         1
 Slow                     Hex            12%        N/A       19%         1
 Cigotuvi's Dreadful Rot  Necr/Pois/Air  6%         N/A       28%         2
 Static Discharge         Conj/Air       6%         2-3/arc   28%         2
 Confusing Touch          Hex            3%         N/A       50%         3
 Vampiric Draining        Necr           3%         2d6       50%         3
 Airstrike                Air            1%         2d(1-17)  88%         4
 Anguish                  Hex/Necr       1%         N/A       88%         4
 Animate Armour           Summ/Erth      6%         N/A       88%         4
 Cause Fear               Hex            1%         N/A       88%         4
 Dispel Undead            Necr           3%         3d7       88%         4
 Summon Lightning Spire   Summ/Air       3%         N/A       88%         4
 Alistair's Intoxication  Tmut/Pois      2%         N/A       99%         5
 Lee's Rapid Deconstruct  Erth           1%         3d4*      99%         5
 Death Channel            Necr           1%         N/A       100%        6
 Plasma Beam              Fire/Air       1%         2x1d11    100%        6
 Simulacrum               Ice/Necr       1%         N/A       100%        6
 Starburst                Conj/Fire      1%         6d3       100%        6
 Enfeeble                 Hex            1%         N/A       100%        7
 Ozocubu's Refrigeration  Ice            1%         4d7       100%        7
 Chain Lightning          Conj/Air       1%         3d2       100%        9
 Fire Storm               Conj/Fire      1%         8d1       100%        9
 Polar Vortex             Ice            1%         N/A       100%        9
 Shatter                  Erth           1%         3d6*      100%        9


Dungeon Overview and Level Annotations

Branches:
Dungeon (15/15)            Temple (0/1) D:6            Lair (5/5) D:9
  Swamp (4/4) Lair:2       Spider (4/4) Lair:3        Slime (0/5) Lair:4
    Orc (2/2) D:10            Elf (0/3) Orc:2        Vaults (0/5) D:14
 Depths (0/4) D:15         Bailey (visited)           IceCv (visited)
Gauntlet (visited)

Altars:
Ashenzari
Cheibriados
Dithmenos
Fedhas
Gozag
Hepliaklqana
Kikubaaqudgha
Makhleb
Nemelex Xobeh
Qazlal
Ru
Trog
Uskayaw
Wu Jian
Xom

Shops:
D:2 (   D:6 :   D:7 *   D:9 *   D:11 :   Orc:2 [*=(

Annotations:
Lair:2 3 runed translucent doors, Vadghucic's ghost, journeyman DsFE
Lair:5 exclusion: oklob plant
Swamp:3 2 transporters, exclusion: obsidian statue


Innate Abilities, Weirdness & Mutations

You are an enormous anaconda.
You have a powerful constriction melee attack.
Your maximum health is increased.
Your armour is entirely melded.
You are incapable of wielding weapons or throwing items.
You are surrounded by a moderate repulsion field. (EV +3)
You regenerate health from kills.
When hurt, damage is shared between your health and your magic reserves.
You regenerate magic rapidly.
You sometimes lose the ability to drink potions when taking damage.
You cannot study or use magical devices.
You cannot train Armour skill.
You are slightly weak-willed. (Will-)
You punish those that try to bend your will. (Will+)
((You have a tail ending in a sharp stinger.))


Message History

The wolf spider hits you!
* * * LOW HITPOINT WARNING * * *
You focus your inner power and blind the wolf spider in retribution!
The wolf spider bites you but does no damage.
Nikola closely misses you.
You body-slam Nikola!!
Nikola is almost dead.
You constrict Nikola! Something hits you.
* * * LOW HITPOINT WARNING * * *
Something completely misses you. Something stings you.
* * * LOW HITPOINT WARNING * * *
The wolf spider closely misses you. x2
You body-slam Nikola!!
You kill Nikola!
The wolf spider is no longer moving slowly.
The wolf spider is no longer blind.
Something barely misses you. Something hits you.
* * * LOW HITPOINT WARNING * * *
Something barely misses you.
The jumping spider leaps!
The wolf spider closely misses you. The wolf spider completely misses you.
You lash the wolf spider! You grab the wolf spider.
The wolf spider is heavily wounded.
You constrict the wolf spider. Something hits you!
You feel threatened and lose the ability to drink potions!
* * * LOW HITPOINT WARNING * * *
Something hits you but does no damage.
Something stings you but does no damage.
You redirect the culicivora's attack!
You redirect the wolf spider's attack!
The wolf spider barely misses something.
The wolf spider bites something but does no damage.
You hit the wolf spider but do no damage.
The wolf spider is heavily wounded.
You constrict the wolf spider.
The culicivora chitters at the wolf spider.
The wolf spider is healed somewhat.
The wolf spider hits you but does no damage.
The wolf spider barely misses you.
You feel your power leaking away. Something hits you but does no damage.
Something hits you!
You die...

~###..~
~#~~.~~
~~..~~
##....#
##^..~#
###~
#....~#
#.~.
##~)s.#
#....
#~{s#
##~.~^##
#.S##
#...##~#
#^.~#
#~..##..
###~.~#
#~.....†
#~..#####
#^....)
#~.~##..+
##....†#
#†......+
#~....##
##....~##
#^.~~##
#.~####
#..###
##.##
#~.~##


You could see a wolf spider and a culicivora (unsilenced).

Vanquished Creatures
  Mara (Spider:3)
  Bai Suzhen (Spider:4)
  Nikola (Spider:4)
  Arachne (Spider:3)
  A bone dragon (Swamp:4)
  A tentacled monstrosity (Swamp:2)
  Rupert (Lair:4)
  Frances (Swamp:2)
  Gastronok (D:8)
  Kirke (Lair:4)
  Donald (Spider:3)
  A ghost moth (Spider:2)
  An emperor scorpion (Spider:3)
  The ghost of bakla the Brawler, an adept VSSh of Wu Jian (Swamp:3)
  2 orc warlords
  A reaper (IceCv)
  2 broodmothers
  6 eleionomae
  Nessos (D:12)
  2 bunyips
  A spark wasp (Spider:4)
  A dire elephant (D:15)
  A minotaur (Gauntlet)
  Josephine (Lair:4)
  A shambling mangrove (Swamp:3)
  An ettin (Orc:2)
  Fannar (Orc:1)
  A fire dragon (D:14)
  8 vault guards (D:14)
  3 catoblepae
  Erolcha (D:10)
  6 hydras
  3 radroaches (Spider:4)
  10 alligators
  A merfolk avatar (Lair:5)
  4 ghost crabs (Swamp:4)
  Erica (D:11)
  6 boulder beetles
  A tengu warrior (D:14)
  7 centaur warriors
  2 two-headed ogres
  Urug (Orc:2)
  5 demonic crawlers
  An orc high priest (Orc:2)
  3 skysharks
  A death drake (Swamp:4)
  4 pharaoh ants
  2 sun moths (Spider:1)
  5 spriggan druids
  3 goliath frogs
  3 spectral hydras (Swamp:4)
  6 bog bodies
  A harpy (Lair:5)
  13 orb spiders
  3 steelbarb worms
  A phantasmal warrior (Swamp:4)
  A lindwurm (Lair:3)
  A swamp dragon (Swamp:1)
  4 alligator zombies (Swamp:4)
  A wizard (D:13)
  20 wolf spiders
  4 orc knights
  An ugly thing (D:15)
  3 orc sorcerers
  5 cyclopes
  5 manticores
  2 moths of wrath
  5 will-o-the-wisps
  A salamander (D:15)
  13 elephants
  3 ice statues
  6 black mambas
  5 torpor snails
  A gargoyle (D:9)
  Maurice (Orc:1)
  3 freezing wraiths
  12 cane toads
  A yaktaur (D:15)
  An unseen horror (D:11)
  Maggie (D:8)
  A kobold demonologist (D:12)
  An unseen horror (shapeshifter) (D:13)
  2 efreet (D:13)
  14 rime drakes
  4 tengu conjurers
  2 swamp worm zombies (Swamp:4)
  10 komodo dragons
  5 ice devils (IceCv)
  4 hydra zombies (Swamp:4)
  7 trolls
  A bloated husk (Swamp:4)
  4 polar bears
  15 hornets
  5 tyrant leeches
  5 meliai
  19 tarantellas
  7 dream sheep
  Prince Ribbit (D:8)
  19 blink frogs
  2 spectral swamp dragons (Swamp:4)
  2 snapping turtles (Lair:5)
  A raiju (Gauntlet)
  29 jumping spiders
  9 spriggans
  5 shadows (Gauntlet)
  14 slime creatures
  4 wraiths
  31 yaks
  26 culicivoras
  13 wyverns
  A dire elephant simulacrum (IceCv)
  5 hogs
  7 basilisks
  44 redbacks
  A steam dragon (Gauntlet)
  A death yak simulacrum (IceCv)
  13 swamp worms
  9 vampire mosquitoes
  2 wargs
  11 water moccasins
  3 acid dragons
  2 hell hounds
  33 orc warriors
  A black bear (D:8)
  An ice beast (D:7)
  3 swamp dragon zombies (Swamp:4)
  3 boggarts (D:14)
  10 ogres
  11 wolves
  14 centaurs
  6 phantoms
  4 kobold brigands (D:9)
  A gnoll sergeant (D:8)
  7 bullfrogs
  5 scorpions
  3 two-headed ogre simulacra (IceCv)
  2 cane toad simulacra (IceCv)
  17 wights
  2 elephant simulacra (IceCv)
  20 killer bees
  3 howler monkeys
  3 electric eels (Spider:4)
  A hound (D:6)
  21 orc priests
  An iguana (D:6)
  2 jellies
  2 gnoll boudas
  16 orc wizards
  2 sleepcaps
  10 hell rats
  A spectral swamp drake (Swamp:4)
  2 spriggan simulacra (IceCv)
  2 polar bear simulacra (IceCv)
  4 troll simulacra (IceCv)
  14 gnolls
  A swamp drake zombie (Swamp:4)
  10 adders
  3 naga simulacra (IceCv)
  A white imp (IceCv)
  3 ufetubi
  A worm (D:4)
  4 dart slugs
  41 orcs
  A ball python (D:1)
  6 bats
  3 endoplasms
  5 giant cockroaches
  18 goblins
  7 hobgoblins
  14 jackals
  6 quokkas
  A frilled lizard (D:2)
  17 kobolds
  6 rats
977 creatures vanquished.

Vanquished Creatures (others)
  A hydra (Swamp:4)
  A demonic crawler (Spider:4)
  A skyshark (Lair:5)
  A pharaoh ant (Spider:2)
  A shadow wraith (D:13)
  A swamp worm zombie (Swamp:4)
  6 bloated husks
  2 hornets
  A slime creature (D:13)
  A jumping spider (Spider:2)
  A culicivora (Spider:4)
  A spriggan (Swamp:1)
  A swamp worm (Swamp:4)
  An orc warrior (D:15)
  A killer bee (D:10)
  A hell rat (Lair:3)
  A swamp drake zombie (Swamp:4)
  3 orcs
  A hobgoblin (Bailey)
  14 foxfires
41 creatures vanquished.

Grand Total: 1018 creatures vanquished

Notes
Turn   | Place    | Note
-------+----------+-------------------------------------------
     0 | D:1      | freelancePsychic the Demonspawn Shapeshifter began the
                  | quest for the Orb.
     0 | D:1      | Reached XP level 1. HP: 15/15 MP: 1/1
     6 | D:1      | Noticed a polar bear
     6 | D:1      | Noticed a hog
     6 | D:1      | Noticed a black mamba
     7 | D:1      | Noticed a swamp drake
     7 | D:1      | Noticed a komodo dragon
   166 | D:1      | Reached skill level 3 in Unarmed Combat
   166 | D:1      | Gained mutation: You regenerate a little health from kills.
                  | [demonic ancestry]
   166 | D:1      | Reached XP level 2. HP: 21/21 MP: 2/2
   531 | D:1      | Reached XP level 3. HP: 26/26 MP: 3/3
   700 | D:1      | Found a faded altar of an unknown god.
   703 | D:1      | Prayed at the altar of an unknown god.
   703 | D:1      | Became a worshipper of Ru the Awakened
   726 | D:1      | Gained mutation: You are slightly weak-willed. (Will-) [Ru
                  | sacrifice]
   726 | D:1      | Reached * piety under Ru
  1392 | D:2      | Found Rebriskiur's Weapon Shop.
  1408 | D:2      | Reached XP level 4. HP: 33/33 MP: 4/4
  1656 | D:2      | Found the Hermit's Pendant {Faith Invo=14 Evo=0 MP+5}
  2099 | D:3      | Reached skill level 4 in Unarmed Combat
  2269 | D:3      | Gained mutation: You are surrounded by a mild repulsion
                  | field. (EV +2) [demonic ancestry]
  2269 | D:3      | Reached XP level 5. HP: 39/39 MP: 5/5
  2310 | D:3      | Found a broken altar of Ashenzari.
  2335 | D:3      | Noticed a phantom
  2352 | D:3      | Killed a phantom
  2620 | D:4      | Reached XP level 6. HP: 47/47 MP: 6/6
  2776 | D:3      | Reached skill level 5 in Unarmed Combat
  2861 | D:4      | Found a burning altar of Makhleb.
  3084 | D:4      | Found a hazy altar of Hepliaklqana.
  3249 | D:4      | Gained mutation: You cannot study or use magical devices.
                  | [Ru sacrifice]
  3249 | D:4      | Reached ** piety under Ru
  3249 | D:4      | Reached *** piety under Ru
  3252 | D:4      | Found an ancient bone altar of Kikubaaqudgha.
  3313 | D:5      | Entered Level 5 of the Dungeon
  3377 | D:5      | Gained mutation: You have a small tail. [demonic ancestry]
  3377 | D:5      | Reached XP level 7. HP: 41/53 MP: 7/7
  3483 | D:5      | Reached skill level 6 in Unarmed Combat
  3889 | D:6      | Found Gausty's Vocational Training.
  3900 | D:6      | Gained mutation: You are surrounded by a moderate repulsion
                  | field. (EV +3) [demonic ancestry]
  3900 | D:6      | Reached XP level 8. HP: 26/61 MP: 8/8
  4105 | D:6      | Found a staircase to the Ecumenical Temple.
  4130 | D:6      | Reached skill level 7 in Unarmed Combat
  4164 | D:6      | Found a shadowy altar of Dithmenos.
  4195 | D:6      | Reached skill level 5 in Fighting
  4738 | D:7      | Found Omumiom's General Store.
  4744 | D:7      | Bought a scroll of fear for 48 gold pieces
  4744 | D:7      | Bought a potion of haste for 120 gold pieces
  4861 | D:7      | Noticed a troll
  4878 | D:7      | Killed a troll
  4879 | D:7      | Reached skill level 8 in Unarmed Combat
  4879 | D:7      | Reached skill level 5 in Shapeshifting
  4890 | D:7      | Gained mutation: You have a tail ending in a sharp stinger.
                  | [demonic ancestry]
  4890 | D:7      | Reached XP level 9. HP: 62/69 MP: 9/9
  5049 | D:7      | Gained mutation: You occasionally lose the ability to drink
                  | potions when taking damage. [Ru sacrifice]
  5049 | D:7      | Gained mutation: You sometimes lose the ability to drink
                  | potions when taking damage. [Ru sacrifice]
  5049 | D:7      | Reached **** piety under Ru
  5049 | D:7      | Reached ***** piety under Ru
  5148 | D:8      | Noticed Maggie
  5165 | D:8      | Killed Maggie
  5181 | D:8      | Reached skill level 9 in Unarmed Combat
  5182 | D:8      | Noticed Prince Ribbit
  5186 | D:8      | Killed Prince Ribbit
  5360 | D:8      | Found a flagged portal.
  5373 | D:8      | Found a sparkling altar of Nemelex Xobeh.
  5374 | D:8      | Identified the +8 trident of Integrity {holy, Str+3}
  5386 | Bailey   | Entered a bailey
  5399 | Bailey   | Noticed an orc warlord
  5497 | Bailey   | Found a runed translucent gate.
  5500 | Bailey   | Found a runed translucent gate.
  5502 | Bailey   | Found a runed translucent gate.
  5518 | Bailey   | Gained mutation: You regenerate magic rapidly. [demonic
                  | ancestry]
  5518 | Bailey   | Reached XP level 10. HP: 77/79 MP: 10/10
  5684 | Bailey   | Killed an orc warlord
  5685 | Bailey   | Reached skill level 10 in Unarmed Combat
  5717 | Bailey   | Identified the +2 battleaxe of Yghe {flame, *Noise Int+9}
  5730 | Bailey   | Acquired 1052 gold pieces
  5757 | D:8      | Found a snail-covered altar of Cheibriados.
  5758 | D:8      | Found a hide-covered altar of Uskayaw.
  5761 | D:8      | Found a bloodstained altar of Trog.
  5763 | D:8      | Found a sacrificial altar of Ru.
  5763 | D:8      | Found a shimmering altar of Xom.
  5764 | D:8      | Found an opulent altar of Gozag.
  5925 | D:8      | Found a stormy altar of Qazlal.
  5939 | D:8      | Noticed Gastronok
  5960 | D:8      | Killed Gastronok
  6478 | D:9      | Identified the +5 mace "Meempemo" {freeze, rPois Int+2}
  6562 | D:9      | Reached skill level 11 in Unarmed Combat
  6861 | D:9      | Found Zottif's General Store.
  6876 | D:9      | Noticed a gargoyle
  6884 | D:9      | Killed a gargoyle
  7118 | D:9      | Found a staircase to the Lair.
  7189 | D:10     | Entered Level 10 of the Dungeon
  7556 | D:10     | Found a staircase to the Orcish Mines.
  7569 | D:10     | Gained mutation: When hurt, damage is shared between your
                  | health and your magic reserves. [demonic ancestry]
  7569 | D:10     | Reached XP level 11. HP: 75/87 MP: 11/11
  7741 | D:10     | Noticed Erolcha
  7747 | D:10     | Killed Erolcha
  7891 | D:11     | Reached skill level 12 in Unarmed Combat
  7904 | D:11     | Noticed Erica
  7905 | D:11     | Noticed a two-headed ogre
  7913 | D:11     | Killed a two-headed ogre
  7915 | D:11     | Killed Erica
  8218 | D:11     | Found Zeoh's Book Shoppe.
  8708 | Lair:1   | Entered Level 1 of the Lair of Beasts
  8763 | Lair:1   | Reached skill level 10 in Fighting
  8763 | Lair:1   | Reached skill level 13 in Unarmed Combat
  8763 | Lair:1   | Reached skill level 1 in Spellcasting
  8763 | Lair:1   | Reached XP level 12. HP: 72/95 MP: 9/13
  9220 | Lair:1   | Found an ornate altar of the Wu Jian Council.
  9230 | Lair:1   | Gained mutation: You cannot train Armour skill. [Ru
                  | sacrifice]
  9230 | Lair:1   | Reached ****** piety under Ru
  9390 | Lair:2   | Noticed an eleionoma
  9396 | Lair:2   | Noticed a seven-headed hydra
  9401 | Lair:2   | Killed an eleionoma
  9401 | Lair:2   | Killed a seven-headed hydra
  9523 | Lair:2   | Found a frozen archway.
  9533 | IceCv    | Entered an ice cave
  9821 | IceCv    | Noticed a reaper
  9832 | IceCv    | Killed a reaper
  9858 | IceCv    | Reached XP level 13. HP: 28/102 MP: 4/20
 10199 | Lair:2   | Found a runed translucent gate.
 10210 | Lair:2   | Noticed Vadghucic's ghost (journeyman DsFE)
 10289 | Lair:2   | Found a runed translucent gate.
 10290 | Lair:2   | Found a runed translucent gate.
 10420 | Lair:2   | Found a staircase to the Swamp.
 10706 | Lair:3   | Reached skill level 5 in Spellcasting
 10801 | Lair:3   | Found a gate leading to a gauntlet.
 10809 | Gauntlet | Entered a Gauntlet
 10809 | Gauntlet | Found a transporter.
 10809 | Gauntlet | Found a transporter.
 10813 | Gauntlet | Found a transporter.
 10813 | Gauntlet | Found a transporter.
 10813 | Gauntlet | Found a transporter.
 10815 | Gauntlet | Found a transporter.
 10823 | Gauntlet | Found a transporter.
 10827 | Gauntlet | Found a transporter.
 10829 | Gauntlet | Found a large runed translucent door.
 10830 | Gauntlet | Found a large runed translucent door.
 10831 | Gauntlet | Found a large runed translucent door.
 10831 | Gauntlet | Found a large runed translucent door.
 10831 | Gauntlet | Found a runed translucent door.
 10831 | Gauntlet | Found a runed translucent door.
 10832 | Gauntlet | Found a large runed translucent door.
 10832 | Gauntlet | Found a large runed translucent door.
 10832 | Gauntlet | Found a large runed translucent door.
 10832 | Gauntlet | Found a large runed translucent door.
 10833 | Gauntlet | Found a large runed translucent door.
 10833 | Gauntlet | Found a large runed translucent door.
 10834 | Gauntlet | Found a large runed translucent door.
 10834 | Gauntlet | Found a large runed translucent door.
 10835 | Gauntlet | Found a runed translucent gate.
 10835 | Gauntlet | Found a runed translucent gate.
 10835 | Gauntlet | Found a runed translucent gate.
 10837 | Gauntlet | Found a transporter.
 10848 | Gauntlet | Found a large runed translucent door.
 10849 | Gauntlet | Found a large runed translucent door.
 10858 | Gauntlet | Found a large runed translucent door.
 10858 | Gauntlet | Found a large runed translucent door.
 10938 | Gauntlet | Found a transporter.
 10942 | Gauntlet | Found a transporter.
 10952 | Gauntlet | Found a transporter.
 11030 | Gauntlet | Reached skill level 14 in Unarmed Combat
 11096 | Gauntlet | Identified the amulet "Jisoveiw" {Faith Str+3 Dex+3}
 11122 | Gauntlet | Noticed a minotaur
 11131 | Gauntlet | Killed a minotaur
 11141 | Gauntlet | Acquired 428 gold pieces
 11181 | Lair:3   | Identified the +6 halberd of Ciclog {flame, rElec rN+ Will+
                  | Dex+3}
 11244 | Lair:3   | Identified the +2 cloak of Clean Tender Moments {rPois
                  | Int+3 Dex+6}
 11565 | Lair:3   | Found a hole to the Spider Nest.
 11772 | Lair:4   | Noticed Kirke
 11772 | Lair:4   | Found a staircase to the Slime Pits.
 11831 | Lair:4   | Killed Kirke
 12031 | Lair:4   | Noticed Josephine
 12035 | Lair:4   | Killed Josephine
 12036 | Lair:4   | Reached skill level 10 in Shapeshifting
 12278 | Lair:4   | Noticed Rupert
 12283 | Lair:4   | Killed Rupert
 12687 | Lair:5   | Entered Level 5 of the Lair of Beasts
 12773 | Lair:4   | Gained mutation: You regenerate health from kills. [demonic
                  | ancestry]
 12773 | Lair:4   | Reached XP level 14. HP: 96/96 MP: 20/24
 12982 | Lair:5   | Found a blossoming altar of Fedhas.
 13145 | Lair:5   | Reached skill level 15 in Unarmed Combat
 13147 | Lair:5   | Identified the scarf of Sekuzak {rC+ rF+, Contam rN+++
                  | Int-5 Dex+3}
 14163 | D:12     | Noticed Nessos
 14174 | D:12     | Killed Nessos
 15049 | D:13     | Reached skill level 5 in Dodging
 15051 | D:13     | Reached XP level 15. HP: 118/125 MP: 11/26
 15143 | D:13     | Identified the staff of Vengeance {rPois rN+ Dex+2 Necro}
 15550 | D:14     | Found a gate to the Vaults.
 16413 | D:15     | Entered Level 15 of the Dungeon
 16747 | D:15     | Paralysed by an orc sorcerer for 5 turns
 16971 | D:15     | Found a staircase to the Depths.
 17314 | Orc:1    | Entered Level 1 of the Orcish Mines
 17441 | Orc:1    | Noticed Fannar
 17452 | Orc:1    | Killed Fannar
 17619 | Orc:1    | Noticed Maurice
 17626 | Orc:1    | Killed Maurice
 17998 | Orc:2    | Entered Level 2 of the Orcish Mines
 18018 | Orc:2    | Noticed Urug
 18038 | Orc:2    | Killed Urug
 18279 | Orc:2    | Found a staircase to the Elven Halls.
 18330 | Orc:2    | Reached skill level 16 in Unarmed Combat
 18476 | Orc:2    | Found Iluneux's Antique Weapon Shoppe.
 18492 | Orc:2    | Found Jout's General Store.
 18498 | Orc:2    | Bought a scroll of blinking for 97 gold pieces
 18498 | Orc:2    | Bought a scroll of blinking for 97 gold pieces
 18498 | Orc:2    | Bought a scroll of teleportation for 39 gold pieces
 18498 | Orc:2    | Bought a scroll of immolation for 52 gold pieces
 18498 | Orc:2    | Bought a potion of attraction for 39 gold pieces
 18664 | Orc:2    | Found Hobozicae's Antique Armour Shoppe.
 18680 | Orc:2    | Found Safus's Jewellery Shoppe.
 18687 | Orc:2    | Bought a storm talisman for 1591 gold pieces
 18907 | D:11     | Upgraded the game from 0.31-a0-564-g3b7de120b3 to
                  | 0.31-a0-574-g69dc8cc98e
 19099 | Spider:1 | Entered Level 1 of the Spider Nest
 20048 | Swamp:1  | Entered Level 1 of the Swamp
 20224 | Swamp:1  | Gained mutation: You punish those that try to bend your
                  | will. (Will+) [demonic ancestry]
 20224 | Swamp:1  | Reached XP level 16. HP: 119/119 MP: 27/27
 20597 | Swamp:2  | Noticed Frances
 20607 | Swamp:2  | Killed Frances
 20733 | Swamp:2  | Identified the +5 morningstar "Minyewn" {venom, rF+++ MP+9
                  | Dex-2}
 20848 | Swamp:2  | Acquired 349 gold pieces
 20902 | Swamp:2  | Reached skill level 15 in Fighting
 20909 | Swamp:2  | Noticed a tentacled monstrosity
 20922 | Swamp:2  | Killed a tentacled monstrosity
 21451 | Swamp:3  | Found a transporter.
 21454 | Swamp:3  | Noticed a tentacled monstrosity
 21457 | Swamp:3  | Noticed a tentacled monstrosity
 21481 | Swamp:3  | Found a transporter.
 21569 | Swamp:3  | Found a runed translucent gate.
 21569 | Swamp:3  | Found a runed translucent gate.
 21569 | Swamp:3  | Found a runed translucent gate.
 21571 | Swamp:3  | Noticed bakla's ghost (adept VSSh)
 21711 | Swamp:3  | Killed bakla's ghost
 21734 | Swamp:4  | Entered Level 4 of the Swamp
 22838 | Swamp:4  | Noticed a bone dragon
 22847 | Swamp:4  | Killed a bone dragon
 22900 | Swamp:4  | Got a decaying rune of Zot
 23370 | Spider:2 | Found a transporter.
 23372 | Spider:2 | Found a transporter.
 23472 | Spider:2 | Reached XP level 17. HP: 116/116 MP: 28/28
 23647 | Spider:2 | Acquired a manual of Unarmed Combat
 24143 | Spider:3 | Noticed Donald
 24152 | Spider:3 | Killed Donald
 24247 | Spider:3 | Noticed Arachne
 24266 | Spider:3 | Killed Arachne
 24601 | Spider:3 | Noticed Mara
 24606 | Spider:3 | Noticed freelancePsychic's illusion
 24621 | Spider:3 | Killed Mara
 24627 | Spider:3 | Acquired the +2 pair of gloves "Tueforr" {Drain rElec rN+++
                  | Dex-3}
 25208 | Spider:2 | Reached skill level 10 in Dodging
 25222 | Spider:2 | Got the +2 pair of boots of Wasted Space {Str+5 Int+3
                  | Dex+3}
 25380 | Spider:4 | Entered Level 4 of the Spider Nest
 25793 | Spider:4 | Identified the +11 glaive of the Caustic God {venom, Str+3}
 25958 | Spider:4 | Noticed Bai Suzhen
 25978 | Spider:4 | Killed Bai Suzhen
 25979 | Spider:4 | Reached skill level 17 in Unarmed Combat
 26192 | Spider:4 | Noticed Nikola
 26205 | Spider:4 | Killed Nikola
 26207 | Spider:4 | HP: 8/168 [something (17)]
 26208 | Spider:4 | Slain by a ghost moth

Illustrated notes

Levels and vault maps discovered:
D:1:      onia_arrival_zoo_common, layout_basic,
          hellmonk_ecumenical_altar_heavens_door, serial_bayou,
          serial_bayou_lake_a, serial_bayou_pond_a, serial_bayou_pond_b,
          serial_bayou_shore_b
D:2:      layout_basic, serial_shops, nicolae_shop_crystal
D:3:      layout_loops_cross, mainiacjoe_overflow_cross_hatched
D:4:      layout_loops_ring, lemuel_coloured_pillars_altar,
          nzn_hepliaklqana_mist_gate, bloody_makhleb
D:5:      wander_river, layout_cave_pools
D:6:      layout_basic, nicolae_dithmenos_shadow_blocks, temple_pool_b,
          nicolae_shop_vocational
D:7:      layout_rooms, serial_shops, shop
D:8:      layout_basic, grunt_temple_overflow_open,
          mainiacjoe_overflow_boulevard, enter_bailey_5, uniq_prince_ribbit1,
          uniq_maggie, uniq_gastronok
D:9:      layout_basic, nicolae_elyvilon_peaceful_grove, lair_entry_dummy,
          serial_shops, nicolae_take_the_stairs, roderic_roman_lattice,
          minmay_unpleasant_kobolds
D:10:     layout_basic, mainiacjoe_overflow_catwalk, david_orc_1_choice,
          uniq_erolcha
D:11:     layout_gridville, serial_shops, shop, uniq_erica
D:12:     layout_irregular_city, uniq_nessos
D:13:     minmay_triangles_in_corner, layout_cave_pools
D:14:     layout_roguey, erik_vaults_2, serial_co_window_serial,
          co_window_paths_a, co_window_cross_1, co_window_paths_a,
          co_window_paths_a, co_window_corner_a, co_window_corner_a,
          co_window_paths_a, co_window_2corner, co_window_unsneaky_path_a,
          co_window_2corner
D:15:     hangedman_depths_entry_try_elsewhere_first, layout_irregular_city,
          hangedman_abyss_or_decor_clamps
Lair:1:   layout_long_grid, basic_altar, chequers_serial_rivers_large_b
Lair:2:   layout_regular_city, alex1729_swamp_entry_worm_eleionoma,
          portal_ice_cave_rime, gammafunk_ghost_split
Lair:3:   layout_loops_ring, hellmonk_spider_entry_not_the_bees,
          gauntlet_entry_generic
Lair:4:   layout_roguey [special_room_mythical_zoo], slime_entry_1,
          uniq_josephine, uniq_rupert, uniq_kirke
Lair:5:   gammafunk_lair_ancient_temple, layout_regular_city, basic_altar,
          serial_bayou_pond_e, st_stairs_12, tgw_fedhas, serial_bayou_shore_b
Swamp:1:  layout_falls_marsh, serial_swamp_ruin, evilmike_swamp_ruin_house_6,
          evilmike_swamp_ruin_house_3
Swamp:2:  layout_falls_marsh, nicolae_swamp_tree_designs, uniq_frances
Swamp:3:  gammafunk_sealed_arena, layout_basic_swamp, ebering_ghost_rock_garden,
          evilmike_swamp_ruin_rubble_2, swamp_pool3
Swamp:4:  swamp_pestilence, layout_basic_swamp
Spider:1: layout_spider_delve, hangedman_spider_tarantella_strand
Spider:2: gammafunk_boulding_lane
Spider:3: layout_cave_pods, lemuel_hornet_nest, uniq_arachne, uniq_mara,
          uniq_donald
Spider:4: spider_rune_water, uniq_nikola, uniq_bai_suzhen
Orc:1:    layout_diamond_mine, nicolae_orc_lava_room, uniq_maurice, uniq_fannar
Orc:2:    grunt_orc_cross, layout_caves

Skill      XL: |  1  2  3  4  5  6  7  8  9 10 11 12 13 14 15 16 17 |
---------------+----------------------------------------------------+-----
Unarmed Combat | 3 4 5 6 8 9 11 13 14 15 16 17 | 17.1
Shapeshifting  | 3 4 5 6 7 8 9 10 11 12 13 14 | 14.7
Fighting       | 2 3 4 5 7 8 10 11 12 13 14 15 16 | 16.6
Spellcasting   | 1 4 7 |  7.5
Dodging        | 5 7 9 10 | 10.4

Action                     |  1- 3 |  4- 6 |  7- 9 | 10-12 | 13-15 | 16-18 || total
---------------------------+-------+-------+-------+-------+-------+-------++-------
  Melee: Unarmed           |   136 |   136 |   286 |   477 |   978 |   898 ||  2911
         Punch             |     1 |     1 |       |       |     2 |       ||     4
         Tailslap          |       |       |    48 |    11 |     4 |       ||    63
         Constrict         |       |       |       |    91 |   188 |   157 ||   436
         Maw               |       |       |       |       |     2 |       ||     2
 Invoke: Sacrifice Essence |     1 |       |       |       |       |       ||     1
         Sacrifice Artific |       |     1 |       |       |       |       ||     1
         Apocalypse        |       |       |     1 |     7 |    11 |     9 ||    28
         Sacrifice Drink   |       |       |     1 |       |       |       ||     1
         Reject Sacrifices |       |       |       |     1 |       |       ||     1
         Sacrifice Durabil |       |       |       |     1 |       |       ||     1
         Draw Out Power    |       |       |       |       |     1 |     1 ||     2
Ability: Begin Untransform |       |       |       |       |       |     1 ||     1
    Use: Scroll            |       |       |    10 |     6 |    17 |     7 ||    40
         Potion            |       |       |       |     5 |     5 |     2 ||    12
   Stab: Distracted        |       |     1 |     2 |     5 |     3 |     6 ||    17
         Invisible         |       |       |     1 |     3 |    14 |     9 ||    27
         Paralysed         |       |       |       |     6 |    27 |     8 ||    41
         Petrified         |       |       |       |       |     4 |       ||     4
 Armour: Chain mail        |    72 |    25 |       |       |       |       ||    97
         Animal skin       |     1 |       |       |       |       |       ||     1
         Ring mail         |       |    31 |    74 |    21 |       |       ||   126
         Skin              |       |       |       |   153 |   349 |   312 ||   814
  Dodge: Dodged            |    64 |    63 |   204 |   289 |   665 |   645 ||  1930
   Form: Flux              |       |     1 |       |       |       |       ||     1
         Anaconda          |       |       |       |     1 |     1 |     1 ||     3
         Maw               |       |       |       |       |     1 |       ||     1

Table legend: (Time is in decaauts)
 A = Elapsed time spent in this place.
 B = Non-inter-level travel time spent in this place.
 C = Inter-level travel time spent in this place.
 D = Time resting spent in this place.
 E = Time spent auto-exploring this place.
 F = Levels seen in this place.
 G = Mean time per level.
                   A        B        C        D        E       F      G
               +--------+--------+--------+--------+--------+-----+--------+
         Total |  25679 |  23596 |   2083 |    550 |  17286 |  33 |  778.2 |
       Dungeon |  11688 |  10854 |    834 |     32 |   8679 |  15 |  779.2 |
          Lair |   4629 |   4039 |    590 |    174 |   2921 |   5 |  925.8 |
         Swamp |   2840 |   2688 |    152 |    193 |   1812 |   4 |  710.0 |
   Spider Nest |   3843 |   3432 |    411 |    127 |   2251 |   4 |  960.8 |
  Orcish Mines |   1507 |   1412 |     95 |      3 |   1138 |   2 |  753.5 |
        Bailey |    330 |    330 |      0 |      5 |    150 |   1 |  330.0 |
      Ice Cave |    513 |    513 |      0 |     16 |    196 |   1 |  513.0 |
      Gauntlet |    326 |    326 |      0 |      0 |    138 |   1 |  326.0 |
               +--------+--------+--------+--------+--------+-----+--------+

Top non-repeatable levels by time:
Spider:3: 1181 daAuts
Spider:2: 1107 daAuts
     D:1: 1088 daAuts
  Lair:5: 1016 daAuts
 Swamp:4: 1011 daAuts
  Lair:4: 980 daAuts
  Lair:3: 971 daAuts
     D:9: 963 daAuts
    D:14: 891 daAuts
Spider:1: 885 daAuts
  Lair:2: 868 daAuts
     D:2: 868 daAuts
    D:10: 867 daAuts
     D:6: 860 daAuts
    D:12: 825 daAuts
